 Dungeon Crawl Stone Soup version 0.19.0 (webtiles) character file.

694 Eucla the Martial Artist (level 7, -2/84 HPs)
             Began as a Hill Orc Transmuter on Nov 14, 2016.
             Was a Believer of Trog.
             Slain by an orc warrior
             ... wielding a +0 mace
              (16 damage)
             ... on level 5 of the Dungeon.
             The game lasted 00:06:50 (4525 turns).

Eucla the Martial Artist (Hill Orc Transmuter)      Turns: 4525, Time: 00:06:51

Health: -2/84      AC: 10    Str: 18    XL:     7   Next: 64%
Magic:  18/18      EV:  9    Int: 13    God:    Trog [**....]
Gold:   218        SH:  0    Dex: 13    Spells: 2 memorised, 6 levels left

rFire  . . .     SeeInvis .     x - +0 war axe
rCold  . . .     Gourm    .     q - +0 pearl dragon scales
rNeg   + . .     Faith    .     (no shield)
rPois  .         Spirit   .     (no helmet)
rElec  .         Reflect  .     (no cloak)
rCorr  .         Harm     .     (no gloves)
MR     .....                    (no boots)
Stlth  ..........               (no amulet)
                                (no ring)
                                i - ring of magical power

@: berserking, very quick
A: no striking features
a: Berserk, Trog's Hand, Burn Spellbooks, Renounce Religion, Convert to Beogh


You were on level 5 of the Dungeon.
You worshipped Trog.
Trog was pleased with you.
You were not hungry.

You visited 1 branch of the dungeon, and saw 5 of its levels.
You also visited: Ossuary.

You collected 218 gold pieces.

Inventory:

Hand Weapons
 x - a +0 war axe (weapon)
Missiles
 a - 80 arrows
 m - 6 tomahawks (quivered)
Armour
 b - a +0 robe
 k - a +0 leather armour
 q - +0 pearl dragon scales (worn)
 w - the +4 leather armour of the Storm King {Int+2}
   (You found it on level 4 of the Dungeon)

   It affects your intelligence (+2).
Jewellery
 i - a ring of magical power (left hand)
Wands
 s - a wand of random effects (17/48)
Scrolls
 e - a scroll of remove curse
 h - 2 scrolls of fear
 j - a scroll of random uselessness
 n - a scroll of recharging {unknown}
 p - a scroll of fog
 y - a scroll of noise {unknown}
 B - 3 scrolls of identify
Potions
 o - a potion of agility
 r - 2 potions of flight
 v - a potion of degeneration {unknown}
 A - 2 potions of heal wounds {unknown}
Books
 c - a book of Changes

   Spells                             Type                      Level
   a - Beastly Appendage              Transmutation                1
   b - Sticks to Snakes               Transmutation                2
   c - Spider Form                    Transmutation/Poison         3
   d - Ice Form                       Ice/Transmutation            4
   e - Blade Hands                    Transmutation                5
   Trog disapproves of the use of such an item.
Comestibles
 d - 4 bread rations
 t - a royal jelly


   Skills:
 + Level 2.8 Fighting
 * Level 3.3 Axes
 - Level 1.5 Dodging
 - Level 8.6 Unarmed Combat
 - Level 1.5 Spellcasting
 - Level 1.3 Transmutations


You had 6 spell levels left.
You knew the following spells:

 Your Spells              Type           Power        Failure   Level  Hunger
a - Beastly Appendage     Tmut           #.....       75%         1    ##.....
b - Sticks to Snakes      Tmut           #.......     91%         2    ###....


Dungeon Overview and Level Annotations

Branches:
Dungeon (5/15)
 Temple: D:4-7

Altars:
Fedhas
Gozag
Makhleb
Ru
Trog
Xom


Message History

The orc warrior hits you with a mace.
* * * LOW HITPOINT WARNING * * *
The orc priest shouts, "Join the one true god or die!"
You hit the orc warrior but do no damage.
The orc warrior is moderately wounded.
You slash the bullfrog!
You kill the bullfrog!
Trog accepts your kill.
You can now call upon Trog for regeneration and protection from hostile enchantments.
Your Axes skill increases to level 3!
You barely miss the orc warrior. You punch the orc warrior.
The orc warrior is heavily wounded.
The orc warrior hits you with a mace!
* * * LOW HITPOINT WARNING * * *
The orc priest begins to cast a cantrip, but forgets the words!
Unknown command.
You completely miss the orc warrior. You punch the orc warrior.
The orc warrior is severely wounded.
The orc warrior hits you with a mace!
You die...

... #.# ....#
#..#.##..
#...###........
.....##..#.###.
##....##......#.
#..#............
#####..#..##.#.....#
#.†@oo.#..##........
#.##...............#
# #..##..####...###
#..##..# #......
#..##..####...###
..............# #
....#....###..## #
####.#....###..# #
#.+....##...# #


You could see an orc warrior and an orc priest.

Vanquished Creatures
  Sigmund (D:3)
  A phantom (D:4)
  An elf zombie (Ossuary)
  A bullfrog (D:5)
  2 iguanas (D:4)
  2 worker ants (D:4)
  A big kobold zombie (Ossuary)
  A hound zombie (D:5)
  A mummy (Ossuary)
  6 adders
  2 oozes
  4 worms
  A leopard gecko (D:3)
  5 orcs
  6 giant cockroaches
  A gnoll zombie (Ossuary)
  10 goblins
  7 hobgoblins (D:1)
  7 jackals
  8 kobolds
  3 quokkas
  3 ball pythons
  10 bats
  5 frilled lizards
  2 goblin zombies (Ossuary)
  2 hobgoblin zombies (Ossuary)
  A jackal skeleton (D:4)
  A jackal zombie (D:5)
  3 orc zombies (Ossuary)
  A quokka skeleton (D:4)
  A quokka zombie (D:5)
  11 rats
111 creatures vanquished.

Notes
Turn   | Place    | Note
-------+----------+-------------------------------------------
     0 | D:1      | Eucla the Hill Orc Transmuter began the quest for the Orb.
     0 | D:1      | Reached XP level 1. HP: 16/16 MP: 3/3
    81 | D:1      | Reached XP level 2. HP: 11/23 MP: 4/4
   377 | D:1      | Reached skill level 4 in Unarmed Combat
   587 | D:1      | Reached XP level 3. HP: 27/28 MP: 5/5
  1029 | D:2      | Found a blossoming altar of Fedhas.
  1309 | D:2      | Learned a level 2 spell: Sticks to Snakes
  1349 | D:2      | Reached skill level 5 in Unarmed Combat
  1360 | D:2      | Reached XP level 4. HP: 20/35 MP: 6/6
  1897 | D:2      | Noticed a moth of wrath
  1900 | D:2      | Found a bloodstained altar of Trog.
  2106 | D:2      | Became a worshipper of Trog the Wrathful
  2396 | D:3      | Found a burning altar of Makhleb.
  2496 | D:3      | Reached skill level 6 in Unarmed Combat
  2498 | D:3      | Reached XP level 5. HP: 37/40 MP: 7/7
  2597 | D:3      | Found a shimmering altar of Xom.
  2604 | D:3      | Found an opulent altar of Gozag.
  2615 | D:3      | Noticed Sigmund
  2816 | D:4      | Noticed a phantom
  2871 | D:4      | Killed a phantom
  2871 | D:4      | Reached skill level 7 in Unarmed Combat
  2880 | D:4      | Reached XP level 6. HP: 33/47 MP: 8/8
  3306 | D:4      | Found a sacrificial altar of Ru.
  3309 | D:4      | Reached * piety under Trog
  3457 | D:4      | Got a smoking leather armour
  3468 | D:4      | Identified the +4 leather armour of the Storm King {Int+2} (You found it on level 4 of the Dungeon)
  3532 | D:3      | Killed Sigmund
  3532 | D:3      | Reached skill level 8 in Unarmed Combat
  3532 | D:3      | Reached XP level 7. HP: 52/52 MP: 9/9
  3994 | D:5      | Entered Level 5 of the Dungeon
  4072 | D:5      | Reached skill level 1 in Axes
  4130 | D:5      | Found a sand-covered staircase.
  4135 | Ossuary  | Entered an ossuary
  4141 | Ossuary  | Noticed ARFLORD's ghost (novice GrFi)
  4523 | D:5      | Reached ** piety under Trog
  4525 | D:5      | Slain by an orc warrior

Skill      XL: |  1  2  3  4  5  6  7 |
---------------+----------------------+-----
Unarmed Combat | 4 5 6 7 8 |  8.6
Axes           | 3 |  3.3
Fighting       | 2 |  2.8
Dodging        | |  1.5
Spellcasting   | |  1.5
Transmutations | |  1.3

Action                   |  1- 3 |  4- 6 |  7- 9 || total
-------------------------+-------+-------+-------++-------
Melee: Unarmed           |   122 |   233 |     6 ||   361
       Punch             |       |     4 |     4 ||     8
       War axe           |       |       |    66 ||    66
Invok: Berserk           |       |     1 |     2 ||     3
  Use: Scroll            |       |     8 |       ||     8
       Potion            |       |       |     2 ||     2
  Eat: Beef jerky        |     1 |       |       ||     1
       Chunk             |       |     3 |     2 ||     5
       Meat ration       |       |     1 |     1 ||     2
       Fruit             |       |       |     3 ||     3
Armor: Robe              |     8 |       |       ||     8
       Leather armour    |     6 |    23 |       ||    29
       Pearl dragon scal |       |    69 |    71 ||   140
Dodge: Dodged            |    57 |   113 |    55 ||   225
